 Dungeon Crawl Stone Soup version 0.31-a0-479-g91c9547826 (webtiles) character file.

Game seed: 17057418538355922555

1677 Ethylacetat the Chopper (level 9, -3/46 (48) HPs)
             Began as a Vine Stalker Monk on Aug 7, 2023.
             Slain by a wight
             ... wielding a +0 halberd
              (8 damage)
             ... on level 6 of the Dungeon.
             The game lasted 00:05:53 (4077 turns).

Ethylacetat the Chopper (Vine Stalker Monk)         Turns: 4077, Time: 00:05:55

HP:   -3/46 (48)    AC:  9    Str: 22    XL:     9   Next: 1%
MP:   0/27          EV:  9    Int: 10    God:
Gold: 292           SH:  5    Dex: 18    Spells: 18/18 levels left

rFire   . . .        u - +10 whip of Analysis {elec, rPois Str+3 Dex+2 Stlth-}
rCold   + . .        d - orb {light}
rNeg    . . .        x - +0 chain mail
rPois   +            (no helmet)
rElec   .            D - +0 cloak
rCorr   .            (no gloves)
SInv    .            (no boots)
Will    +....        q - amulet of reflection Stlth
                     r - ring of magical power
HPRegen 1.07/turn    C - ring of protection from cold
MPRegen 0.20/turn

%: reflection, guardian spirit
@: glowing, lightly drained
A: fangs 3, regeneration 1, magic shield, antimagic bite, no potion heal 2
a: no special abilities


You were on level 6 of the Dungeon.
You visited 2 branches of the dungeon, and saw 7 of its levels.
You also visited: Sewer.

You collected 292 gold pieces.

Inventory:

Hand Weapons
 u - the +10 whip of Analysis (weapon) {elec, rPois Str+3 Dex+2 Stlth-}
   (You found it on level 3 of the Dungeon)

   Str:       It affects your strength (+3).
   Dex:       It affects your dexterity (+2).
   rPois:     It protects you from poison.
   Stlth:     It makes you less stealthy.
Armour
 d - an orb of light (worn)
 x - a +0 chain mail (worn)
 D - a +0 cloak (worn)
Jewellery
 q - an amulet of reflection (around neck)
 r - a ring of magical power (left hand)
 C - a ring of protection from cold (right hand)
Wands
 b - a wand of flame (8)
 k - a wand of polymorph (12)
 y - a wand of roots (3)
Scrolls
 a - 4 scrolls of teleportation {unknown}
 g - 3 scrolls of identify {unknown}
 j - a scroll of fog {unknown}
 l - 2 scrolls of amnesia {unknown}
 m - a scroll of poison {unknown}
 n - 2 scrolls of enchant weapon {unknown}
 o - a scroll of immolation {unknown}
 p - a scroll of vulnerability {unknown}
 t - 2 scrolls of silence {unknown}
 v - a scroll of fear {unknown}
 w - a scroll of noise {unknown}
 B - a scroll of revelation {unknown}
Potions
 c - 3 potions of ambrosia
 e - a potion of curing {unknown}
 f - 3 potions of magic {unknown}
 h - a potion of berserk rage {unknown}
 i - 2 potions of haste {unknown}
 s - 2 potions of invisibility {unknown}
 z - a potion of lignification {unknown}
 A - a potion of heal wounds {unknown}


   Skills:
 + Level 5.7 Fighting
 * Level 7.7 Axes
 - Level 2.4 Dodging
 + Level 5.4 Spellcasting


You had 18 spell levels left.
You didn't know any spells.
Your spell library contained the following spells:

 Spells                   Type           Power      Damage    Failure   Level
 Blink                    Tloc           4%         N/A       94%         2
 Lesser Beckoning         Tloc           4%         N/A       94%         2
 Momentum Strike          Conj/Tloc      4%         3d8       94%         2


Dungeon Overview and Level Annotations

Branches:
Dungeon (6/15)             Temple (1/1) D:4           Sewer (visited)

Altars:
Ashenzari
Cheibriados
Dithmenos
Elyvilon
Fedhas
Gozag
Hepliaklqana
Kikubaaqudgha
Makhleb
Okawaru
Ru
Trog
Uskayaw
Vehumet
Wu Jian
Xom
Yredelemnul
The Shining One

Shops:
D:3 (


Innate Abilities, Weirdness & Mutations

You have razor-sharp teeth.
Your natural rate of healing is unusually fast.
When hurt, damage is shared between your health and your magic reserves.
Your bite disrupts and absorbs the magic of your enemies.
Potions cannot restore your health.


Message History

The kobold brigand hits you but does no damage.
The kobold barely misses you.
You hit the kobold brigand but do no damage.
Lightning courses through the kobold brigand!
You kill the kobold brigand!
The wight hits you with a +4 great sword!
You feel drained. The kobold closely misses you.
The kobold hits you but does no damage.
Your life force feels restored.
You hit the wight.
The wight is moderately damaged.
The wight hits you from afar with a +0 halberd!
You feel drained.
The wight hits you with a +4 great sword!
The kobold hits you but does no damage. x2
Unknown command.
Okay, then.
You hit the wight. You bite the wight, but do no damage.
The wight is heavily damaged.
You block the wight's attack. x3; The kobold hits you but does no damage. x2
The adder closely misses you.
You hit the wight. You bite the wight.
You destroy the wight!
The adder bites you but does no damage. The wight closely misses you.
The wight hits you from afar with a +0 halberd!
* * * LOW HITPOINT WARNING * * *
The kobold barely misses you. You block the kobold's attack.
Your life force feels restored.
You have reached level 9!
Your experience leads to an increase in your attributes!
Your base attributes are Str 17, Int 10, Dex 16.
Increase (S)trength, (I)ntelligence, or (D)exterity?
You feel stronger. x2
You barely miss the wight. You block the adder's attack.
The wight hits you with a +6 mace!
* * * LOW HITPOINT WARNING * * *
You feel drained.
* * * LOW HITPOINT WARNING * * *
The wight hits you from afar with a +0 halberd!
You die...

...# ##........#
...
#.†..........
##...##.......
##...## #......
##...#####......
#...##..........
#..............
#...z......
#..@)......
#.SKKz<....
#.?..z.....
#..........
#..........
#..........
#..........
...........


You could see 3 wights, an adder and 2 kobolds.

Vanquished Creatures
  Sigmund (D:4)
  Menkaure (D:5)
  Edmund (D:4)
  An ice beast (D:5)
  A black bear (D:4)
  A kobold brigand (D:6)
  2 phantoms
  4 scorpions
  A wight (D:6)
  4 hounds
  A jelly (D:5)
  An orc priest (D:4)
  Crazy Yiuf (D:5)
  A sleepcap (D:4)
  Natasha (thrice) (D:2)
  A hell rat (Sewer)
  2 orc wizards
  Robin (D:2)
  4 adders
  A river rat (D:4)
  A shadow imp (D:5)
  A white imp (D:4)
  3 ufetubi (D:5)
  2 worms
  15 orcs
  5 endoplasms
  3 giant cockroaches
  21 goblins
  11 hobgoblins
  4 jackals (D:1)
  4 ball pythons
  6 bats
  2 frilled lizards
  8 kobolds
  7 rats
126 creatures vanquished.

Notes
Turn   | Place    | Note
-------+----------+-------------------------------------------
     0 | D:1      | Ethylacetat the Vine Stalker Monk began the quest for the
                  | Orb.
     0 | D:1      | Reached XP level 1. HP: 11/11 MP: 2/2
   104 | D:1      | Found a faded altar of an unknown god.
   177 | D:1      | Reached skill level 3 in Axes
   177 | D:1      | Reached XP level 2. HP: 12/16 MP: 3/3
   940 | D:2      | Reached skill level 1 in Spellcasting
   942 | D:2      | Reached XP level 3. HP: 13/20 MP: 3/5
  1329 | D:2      | Noticed Robin
  1342 | D:2      | Killed Robin
  1343 | D:2      | Gained mutation: Your natural rate of healing is unusually
                  | fast. [Vine Stalker growth]
  1343 | D:2      | Reached XP level 4. HP: 23/24 MP: 5/7
  1348 | D:2      | Noticed Natasha
  1354 | D:2      | Killed Natasha
  1481 | D:2      | Noticed Natasha
  1488 | D:2      | Killed Natasha
  1489 | D:2      | Reached skill level 4 in Axes
  1489 | D:2      | Reached XP level 5. HP: 20/28 MP: 4/9
  1575 | D:2      | Noticed Natasha
  1580 | D:2      | Killed Natasha
  1939 | D:3      | Identified the +10 whip of Analysis {elec, rPois Str+3
                  | Dex+2 Stlth-}
  1973 | D:3      | Found Fijople's Antique Weapon Shop.
  2113 | D:3      | Found a snail-covered altar of Cheibriados.
  2356 | D:4      | Noticed a black bear
  2363 | D:4      | Killed a black bear
  2364 | D:4      | Reached XP level 6. HP: 29/33 MP: 11/11
  2385 | D:4      | Reached skill level 5 in Axes
  2400 | D:4      | Reached XP level 7. HP: 37/37 MP: 12/12
  2404 | D:4      | Found a glowing drain.
  2414 | Sewer    | Entered a sewer
  2560 | D:4      | Noticed Edmund
  2569 | D:4      | Killed Edmund
  2599 | D:4      | Noticed Sigmund
  2605 | D:4      | Killed Sigmund
  2606 | D:4      | Reached skill level 6 in Axes
  2805 | D:4      | Found a staircase to the Ecumenical Temple.
  2817 | Temple   | Entered the Ecumenical Temple
  2901 | D:4      | Gained mutation: You have razor-sharp teeth. [Vine Stalker
                  | growth]
  2901 | D:4      | Reached XP level 8. HP: 42/42 MP: 15/15
  3080 | D:5      | Entered Level 5 of the Dungeon
  3139 | D:5      | Reached skill level 5 in Fighting
  3233 | D:5      | Reached skill level 7 in Axes
  3323 | D:5      | Noticed Menkaure
  3327 | D:5      | Killed Menkaure
  3328 | D:5      | Reached skill level 5 in Spellcasting
  3579 | D:5      | Found a runed translucent door.
  3580 | D:5      | Noticed Crazy Yiuf
  3917 | D:5      | Killed Crazy Yiuf
  4077 | D:6      | Reached XP level 9. HP: 12/48 MP: 6/18
  4077 | D:6      | Slain by a wight

Illustrated notes

Levels and vault maps discovered:
D:1:      wheals_arrival_linesprint, layout_basic, basic_ecumenical_altar
D:2:      layout_rooms, minmay_tromino_i4, uniq_natasha, uniq_robin
D:3:      layout_basic, cheibrodos_worm_habitat, serial_shops, shop,
          nrook_campfire, hangedman_decor_clover_reticule
D:4:      layout_layer_cave, temple_green, portal_sewer_entry_b,
          minmay_crossroads, uniq_edmund, uniq_sigmund
D:5:      layout_loops_ring, st_stairs_13, uniq_menkaure,
          uniq_crazy_yiuf_cottage
D:6:      layout_layer_cave, uniq_eustachio
Temple:   bh_familiar_temple

Skill      XL: |  1  2  3  4  5  6  7  8 |
---------------+-------------------------+-----
Axes           | 3 4 5 6 7 |  7.7
Spellcasting   | 1 2 3 4 5 |  5.4
Fighting       | 3 4 5 |  5.7
Dodging        | |  2.4

Action                     |  1- 3 |  4- 6 |  7- 9 || total
---------------------------+-------+-------+-------++-------
  Melee: Hand axe          |    27 |       |       ||    27
         Bite              |    23 |    17 |    21 ||    61
         Short sword       |    44 |    25 |       ||    69
         Whip              |       |    32 |    90 ||   122
 Armour: Robe              |    17 |     4 |     1 ||    22
         Chain mail        |       |       |    24 ||    24
  Dodge: Dodged            |    46 |    18 |    24 ||    88
  Block: Orb               |       |    17 |    19 ||    36

Table legend: (Time is in decaauts)
 A = Elapsed time spent in this place.
 B = Non-inter-level travel time spent in this place.
 C = Inter-level travel time spent in this place.
 D = Time resting spent in this place.
 E = Time spent auto-exploring this place.
 F = Levels seen in this place.
 G = Mean time per level.
                   A        B        C        D        E       F      G
               +--------+--------+--------+--------+--------+-----+--------+
         Total |   4094 |   3823 |    271 |      0 |   3125 |   8 |  511.8 |
       Dungeon |   4014 |   3743 |    271 |      0 |   3097 |   6 |  669.0 |
        Temple |      1 |      1 |      0 |      0 |      0 |   1 |    1.0 |
         Sewer |     78 |     78 |      0 |      0 |     28 |   1 |   78.0 |
               +--------+--------+--------+--------+--------+-----+--------+

Top non-repeatable levels by time:
     D:5: 939 daAuts
     D:1: 930 daAuts
     D:3: 766 daAuts
     D:4: 667 daAuts
     D:2: 659 daAuts
   Sewer: 78 daAuts
     D:6: 51 daAuts
  Temple: 1 daAuts
